 Dungeon Crawl Stone Soup version 0.30-a0-586-g23e55c9e0a (webtiles) character file.

Game seed: 5872218182507269292

339 cforsyth the Trooper (level 6, -1/57 HPs)
             Began as a Ghoul Monk on Jan 4, 2023.
             Slain by a mummy (14 damage)
             ... in an ossuary.
             The game lasted 00:08:13 (3457 turns).

cforsyth the Trooper (Ghoul Monk)                   Turns: 3457, Time: 00:08:14

Health: -1/57      AC:  7    Str: 17    XL:     6   Next: 55%
Magic:  5/5        EV: 11    Int:  5    God:
Gold:   147        SH:  0    Dex: 11    Spells: 5/5 levels left

rFire   . . .      SeeInvis .      - Unarmed
rCold   + . .      Faith    .    (no shield)
rNeg    + + +      Spirit   .    l - +0 ring mail
rPois   ∞          Reflect  .    r - +0 helmet
rElec   .          Harm     .    (no cloak)
rCorr   .          Rampage  .    (no gloves)
Will    .....                    f - +0 pair of boots Stlth
                                 (no amulet)
HPRegen 0.00/turn                (no ring)
MPRegen 0.09/turn                (no ring)

@: confused, ambrosia-drunk, inhibited regen, hasted, very quick
A: claws 1, cold resistance 1, negative energy resistance 3, inhibited
regeneration, torment resistance 2, devour on kill
a: no special abilities


You were in an ossuary.
You visited 1 branch of the dungeon, and saw 4 of its levels.
You also visited: Ossuary.

You collected 147 gold pieces.

Inventory:

Armour
 f - a +0 pair of boots (worn)
 l - a +0 ring mail (worn)
 r - a +0 helmet (worn)
Wands
 k - a wand of paralysis (7)
 m - a wand of iceblast (8)
 p - a wand of light (11)
Scrolls
 c - a scroll of torment {unknown}
 e - a scroll of poison {unknown}
 i - 3 scrolls of teleportation {unknown}
 j - a scroll of enchant armour {unknown}
 n - a scroll of enchant weapon {unknown}
 o - 2 scrolls of blinking {unknown}
 t - a scroll of amnesia {unknown}
Potions
 a - a potion of might
 b - a potion of ambrosia
 d - 2 potions of brilliance
 g - 5 potions of curing
 s - a potion of magic {unknown}


   Skills:
 + Level 5.7 Fighting
 + Level 1.5 Armour
 - Level 2.6 Dodging
 - Level 2.1 Stealth
 + Level 5.7 Unarmed Combat


You had 5 spell levels left.
You didn't know any spells.
Your spell library contained the following spells:

 Spells                   Type           Power      Damage    Failure   Level
 Cigotuvi's Dreadful Rot  Necr/Pois/Air  0%         N/A       82%         2
 Poisonous Vapours        Pois/Air       0%         N/A       82%         2
 Mephitic Cloud           Conj/Pois/Air  0%         N/A       96%         3
 Petrify                  Tmut/Erth      0%         N/A       100%        4
 Metabolic Englaciation   Hex/Ice        0%         N/A       100%        5
 Statue Form              Tmut/Erth      Unusable   N/A       N/A         6

Dungeon Overview and Level Annotations

Branches:
Dungeon (4/15)            Ossuary (1/1)
 Temple: D:4-7

Altars:
Ashenzari

Shops:
D:1 [

Annotations:
D:2 1 runed translucent door, Crazy Yiuf
D:3 3 runed translucent doors, Terence; whiskeysaurus's ghost, amateur DsNe


Innate Abilities, Weirdness & Mutations

You are immune to poison.
You have sharp fingernails.
Your flesh is cold resistant. (rC+)
You are immune to negative energy. (rN+++)
You do not regenerate when monsters are visible.
You are immune to unholy pain and torment.
You thrive by killing the living.


Message History

The mummy is severely damaged.
The mummy hits you!
You barely miss the mummy.
The mummy is severely damaged.
The mummy hits you! The mummy completely misses you.
You are too injured to fight recklessly!
You are too injured to fight recklessly!
You are too injured to fight recklessly!
You are too injured to fight recklessly!
You are too injured to fight recklessly!
You are too injured to fight recklessly!
You are too injured to fight recklessly!
You are too injured to fight recklessly!
You feel much better.
A bullfrog zombie comes into view.
The mummy hits you!
Unknown command.
You feel yourself speed up. The mummy hits you. The mummy hits you!
* * * LOW HITPOINT WARNING * * *
The mummy hits you but does no damage.
You scratch the mummy.
You destroy the mummy!
Okay, then.
You are confused.
You feel invigorated. The mummy hits you.
* * * LOW HITPOINT WARNING * * *
Unknown command.
There is an empty arch of ancient stone here.
The mummy hits you!
* * * LOW HITPOINT WARNING * * *
You scratch the mummy.
The mummy is moderately damaged.
The bullfrog zombie hits you but does no damage.
You barely miss the mummy.
The mummy is moderately damaged.
The bullfrog zombie closely misses you. The mummy misses you.
You bump into the metal wall.
The bullfrog zombie hits you but does no damage.
The mummy hits you!
You die...

## #.
#'#+#
...
##'##
#ZM.#
#@M.#
#∩..#
#####


You could see 2 mummies and a bullfrog zombie.

Vanquished Creatures
  An ogre (D:4)
  An orc priest (D:3)
  Jessica (D:2)
  An iguana (D:4)
  A mummy (Ossuary)
  Robin (D:3)
  5 adders
  A worm (D:1)
  2 dart slugs (D:2)
  7 orcs
  6 ball pythons
  6 bats
  5 endoplasms
  16 goblins
  17 hobgoblins
  4 kobolds
  5 quokkas
  4 frilled lizards
  2 rats
86 creatures vanquished.

Vanquished Creatures (others)
  7 withered plants (Ossuary)
7 creatures vanquished.

Grand Total: 93 creatures vanquished

Notes
Turn   | Place    | Note
-------+----------+-------------------------------------------
     0 | D:1      | cforsyth the Ghoul Monk began the quest for the Orb.
     0 | D:1      | Reached XP level 1. HP: 19/19 MP: 0/0
    49 | D:1      | Found a faded altar of an unknown god.
   192 | D:1      | You fall into a shaft and drop 1 floor!
   231 | D:1      | Reached XP level 2. HP: 26/26 MP: 1/1
   425 | D:1      | Found Tiyrch's Antique Armour Shop.
   863 | D:2      | Noticed Jessica
  1174 | D:2      | Reached XP level 3. HP: 33/33 MP: 2/2
  1293 | D:2      | Killed Jessica
  1294 | D:2      | Reached XP level 4. HP: 18/41 MP: 3/3
  1763 | D:2      | Found a runed translucent door.
  1763 | D:2      | Identified the +6 hammer of Dorof {freeze, Will- rCorr
                  | Stlth+}
  1764 | D:2      | Noticed Crazy Yiuf
  1961 | D:3      | Noticed Terence
  2227 | D:3      | Reached skill level 5 in Fighting
  2227 | D:3      | Reached skill level 5 in Unarmed Combat
  2227 | D:3      | Reached XP level 5. HP: 25/48 MP: 4/4
  2487 | D:3      | Noticed Robin
  2777 | D:3      | Killed Robin
  3032 | D:3      | Found a runed translucent gate.
  3033 | D:3      | Found a runed translucent gate.
  3033 | D:3      | Noticed whiskeysaurus's ghost (amateur DsNe)
  3034 | D:3      | Found a runed translucent gate.
  3207 | D:4      | Found a broken altar of Ashenzari.
  3265 | D:4      | Noticed an ogre
  3274 | D:4      | Killed an ogre
  3275 | D:4      | Reached skill level 1 in Armour
  3275 | D:4      | Reached XP level 6. HP: 18/56 MP: 5/5
  3279 | D:4      | Found a sand-covered staircase.
  3420 | Ossuary  | Entered an ossuary
  3457 | Ossuary  | Slain by a mummy

Illustrated notes

Levels and vault maps discovered:
D:1:      lightli_molten_gateway, layout_basic, serial_shops,
          nicolae_shop_overgrown_old_shop, hellmonk_ecumenical_altar_blasted
D:2:      layout_loops_ring, uniq_jessica, uniq_crazy_yiuf_cottage
D:3:      layout_rooms, nicolae_tso_swordbearing_angel,
          biasface_ghost_orc_armoury, st_stairs_4, guppyfry_early_orc_mine,
          uniq_terence, uniq_robin
D:4:      layout_loops_ring, marbit_many_paths, evilmike_ruin_ashenzari,
          nicolae_ossuary_entry_monument
Ossuary:  ossuary_zaba_flooded

Skill      XL: |  1  2  3  4  5 |
---------------+----------------+-----
Fighting       | 4 5 |  5.7
Unarmed Combat | 4 5 |  5.7
Armour         | 1 |  1.5
Dodging        | |  2.6
Stealth        | |  2.1

Action                   |  1- 3 |  4- 6 || total
-------------------------+-------+-------++-------
Melee: Unarmed           |    96 |   177 ||   273
       Punch             |     1 |     4 ||     5
  Use: Scroll            |       |     3 ||     3
       Potion            |       |     3 ||     3
 Stab: Sleeping          |     6 |       ||     6
Armor: Robe              |    21 |    10 ||    31
       Ring mail         |       |    43 ||    43
Dodge: Dodged            |    59 |    94 ||   153

Table legend: (Time is in decaauts)
 A = Elapsed time spent in this place.
 B = Non-inter-level travel time spent in this place.
 C = Inter-level travel time spent in this place.
 D = Time resting spent in this place.
 E = Time spent auto-exploring this place.
 F = Levels seen in this place.
 G = Mean time per level.
                   A        B        C        D        E       F      G
               +--------+--------+--------+--------+--------+-----+--------+
         Total |   3444 |   3348 |     96 |    743 |   1728 |   5 |  688.8 |
       Dungeon |   3410 |   3314 |     96 |    743 |   1707 |   4 |  852.5 |
       Ossuary |     33 |     33 |      0 |      0 |     21 |   1 |   33.0 |
               +--------+--------+--------+--------+--------+-----+--------+

Top non-repeatable levels by time:
     D:2: 1361 daAuts
     D:1: 1148 daAuts
     D:3: 657 daAuts
     D:4: 242 daAuts
 Ossuary: 33 daAuts
